 Dungeon Sprint DCSS version 0.27-a0-1060-gcb85b5eba1 (webtiles) character file.

Game seed: 8427390209590446376

14 mhtbhm the Firebug (level 2, -2/15 HPs)
             Began as a Deep Elf Fire Elementalist on Apr 21, 2021.
             Was an Initiate of Vehumet.
             Slain by an air elemental (8 damage)
             ... in the Dungeon (Sprint V: "Ziggurat Sprint").
             The game lasted 00:00:45 (99 turns).

mhtbhm the Firebug (Deep Elf Fire Elementalist)       Turns: 99, Time: 00:00:45

Health: -2/15      AC: 12    Str:  5    XL:     2   Next: 27%
Magic:  9/9        EV: 10    Int: 19    God:    Vehumet [......]
Gold:   0          SH:  0    Dex: 19    Spells: 8/9 levels left

rFire    + . .     SeeInvis .   C - +8 lance "Wyrmbane" {slay drac, rPois rF+ rC+ AC+3}
rCold    + . .     Faith    .   (no shield)
rNeg     . . .     Spirit   .   E - quicksilver dragon scales of the Thirteen Orbs {Will+ Dex+4}
rPois    +         Reflect  .   (no helmet)
rElec    .         Harm     .   (no cloak)
rCorr    .         Rampage  .   (no gloves)
Will     +....     NoTele   +   (no boots)
Stlth    ++........             (no amulet)
HPRegen  0.05/turn              (no ring)
MPRegen  0.11/turn              (no ring)

@: flying (expiring)
A: no striking features
a: Renounce Religion


You were in the Dungeon.
You worshipped Vehumet.
Vehumet was noncommittal.
You visited 1 branch

Inventory:

Hand Weapons
 C - the +8 lance "Wyrmbane" (weapon) {slay drac, rPois rF+ rC+ AC+3}
   (You found it in the Dungeon)

   It affects your AC (+3).
   It protects you from fire.
   It protects you from cold.
   It protects you from poison.
Armour
 a - a +0 robe
 E - the quicksilver dragon scales of the Thirteen Orbs (worn) {Will+ Dex+4}
   (You found it in the Dungeon)

   It affects your dexterity (+4).
   It increases your willpower.
Jewellery
 r - a ring of flight
 s - a +6 ring of dexterity
 t - a +6 ring of dexterity
 u - a +6 ring of intelligence
 v - a +6 ring of intelligence
 w - a +6 ring of strength
 x - a +6 ring of strength
Wands
 y - a wand of mindburst (7)
 z - a wand of iceblast (6)
 A - a wand of acid (5)
Scrolls
 h - 4 scrolls of blinking
 m - 4 scrolls of amnesia
 n - 7 scrolls of fog
 o - a scroll of holy word
 p - 5 scrolls of identify
 q - 2 scrolls of fear
Potions
 b - 2 potions of brilliance
 c - 10 potions of curing
 d - 10 potions of heal wounds
 e - 6 potions of haste
 f - 7 potions of magic
 g - 3 potions of berserk rage
 i - 2 potions of invisibility
 j - 4 potions of resistance
 k - a potion of experience
 l - 5 potions of might
Miscellaneous
 B - a lightning rod (4/4)
 D - a condenser vane (inert)


   Skills:
 + Level 3.1 Dodging
 + Level 3.0 Stealth
 + Level 4.0 Spellcasting
 + Level 1.3 Conjurations
 + Level 5.0 Fire Magic


You had 8 spell levels left.
You knew the following spells:

 Your Spells              Type           Power      Damage    Failure   Level
a - Foxfire               Conj/Fire      64%        2x1d7     19%         1

Your spell library contained the following spells:

 Spells                   Type           Power      Damage    Failure   Level
 Conjure Flame            Conj/Fire      16%        6-21      47%         3
 Inner Flame              Hex/Fire       13%        N/A       56%         3
 Sticky Flame             Conj/Fire      16%        2d4       87%         4
 Fireball                 Conj/Fire      8%         3d6       99%         5


Dungeon Overview and Level Annotations

Branches:
Dungeon (1/1)

Altars:
Ashenzari
Cheibriados
Dithmenos
Elyvilon
Fedhas
Gozag
Hepliaklqana
Kikubaaqudgha
Makhleb
Nemelex Xobeh
Okawaru
Qazlal
Ru
Sif Muna
Trog
Uskayaw
Vehumet
Wu Jian
Xom
Yredelemnul
Zin
The Shining One
Beogh
Jiyva
Lugonu

Annotations:
D 1 transporter


Message History

Unknown command.
Clouds of flame condense around you!
The condenser dries out!
The air elemental is engulfed in blazing flames. x2
The water elemental is engulfed in blazing flames.
The deep elf zephyrmancer is engulfed in blazing flames.
The air elemental hits you but does no damage.
Unknown command.
Unknown command.
Aiming: Corrosive Bolt
Press: ? - help, Shift-Dir - straight line, f - air elemental
Aim: an air elemental (moderately damaged, 43% to hit)
The bolt of acid misses the air elemental.
The deep elf zephyrmancer shouts!
A vortex of raging winds appears around the air elemental!
The water elemental is engulfed in blazing flames.
The air elemental hits you but does no damage.
The deep elf zephyrmancer is engulfed in blazing flames.
Unknown command.
Unknown command.
You don't have any such object.
Evoke which item? (* to show all) (? for menu, Esc to quit)
You don't have any such object.
Evoke which item? (* to show all) (? for menu, Esc to quit)
Okay, then.
Aiming: Corrosive Bolt
Press: ? - help, Shift-Dir - straight line, f/p - air elemental
Aim: an air elemental (moderately damaged, 43% to hit)
The bolt of acid hits the air elemental!
The air elemental is splashed with acid.
The air elemental is severely damaged.
The vortex of raging winds lifts you up.
You fly up into the air.
Ouch! That really hurt!
The air elemental hits you but does no damage.
The air elemental barely misses you.
The water elemental is engulfed in blazing flames.
The deep elf zephyrmancer is engulfed in blazing flames.
The air elemental hits you!
Ouch! That really hurt!
You die...

▓▓▓▓▓▓▓▓▓▓▓▓▓
▓.8§8§▓.8©8.▓
▓.§§§§▓.....▓
▓.§§§§▓.....▓
▓§e§.§▓.....▓
▓.§§E§▓.....▓
▓§§E§§▓..©..▓
▓§§§@§▓▓▓▓▓▓▓
▓▓▓▓▓▓▓


You could see a water elemental, a deep elf zephyrmancer and an air elemental.

Vanquished Creatures
  A shadow imp (D)
  An ufetubus (D)
2 creatures vanquished.

Vanquished Creatures (others)
  2 foxfires (D)
2 creatures vanquished.

Grand Total: 4 creatures vanquished

Notes
Turn   | Place    | Note
-------+----------+-------------------------------------------
     0 | D        | mhtbhm the Deep Elf Fire Elementalist began the quest for
                  | the Orb.
     0 | D        | Reached XP level 1. HP: 10/10 MP: 6/6
     0 | D        | Found a shimmering blue altar of Sif Muna.
     0 | D        | Found a bloodstained altar of Trog.
     0 | D        | Found a sacrificial altar of Ru.
     0 | D        | Found a stormy altar of Qazlal.
     0 | D        | Found an iron altar of Okawaru.
     1 | D        | Found a sparkling altar of Nemelex Xobeh.
     1 | D        | Found a blossoming altar of Fedhas.
     2 | D        | Found the +6 Majin-Bo {vamp, MP+6 Int+6}
     2 | D        | Found the +9 heavy crossbow "Sniper" {vorpal, Acc+∞ SInv}
     2 | D        | Found the +10 dark maul {vorpal}
     2 | D        | Found the +15 Maxwell's patent armour {-Cast -Tele rElec
                  | Will+ rCorr}
     2 | D        | Found the +18 shield of the Gong {rElec rN+ Will+ EV-5}
     2 | D        | Found the +14 obsidian axe {vorpal, Drain Fly SInv}
     2 | D        | Found the +7 great mace "Firestarter" {inner flame, rF++}
     2 | D        | Found the +6 shillelagh "Devastator" {shatter}
     2 | D        | Found the +11 plutonium sword {Contam Stlth-}
     2 | D        | Found the +8 lance "Wyrmbane" {slay drac, rPois rF+ rC+
                  | AC+3}
     2 | D        | Found the +9 sword of Zonguldrok {reap}
     2 | D        | Found the +13 scythe of Curses {drain, Drain}
     2 | D        | Found the +5 sword of Power {vorpal}
     2 | D        | Found the +7 mace of Variability {chain chaos}
     2 | D        | Found the +7 Singing Sword {vorpal, sonic wave}
     2 | D        | Found the +8 storm bow {elec, penet}
     3 | D        | Found a transporter.
     3 | D        | Found an ancient bone altar of Kikubaaqudgha.
     3 | D        | Found a viscous altar of Jiyva.
     3 | D        | Found a corrupted altar of Lugonu.
     3 | D        | Found a hazy altar of Hepliaklqana.
     3 | D        | Found a burning altar of Makhleb.
     3 | D        | Found an opulent altar of Gozag.
    35 | D        | Became a worshipper of Vehumet
    48 | D        | Entered arena 2.
    48 | D        | Found a transporter.
    50 | D        | Reached skill level 4 in Fire Magic
    52 | D        | Reached skill level 5 in Fire Magic
    52 | D        | Reached XP level 2. HP: 15/15 MP: 6/9
    82 | D        | Got the quicksilver dragon scales of the Thirteen Orbs
                  | {Will+ Dex+4}
    96 | D        | Entered arena 3.
    96 | D        | Noticed an air elemental
    96 | D        | Noticed a deep elf zephyrmancer
    96 | D        | Noticed a water elemental
    96 | D        | Found a transporter.
    99 | D        | Slain by an air elemental

Illustrated notes

Levels and vault maps discovered:
D:        sprint_v [room_start, room_1, room_2, room_3, room_4, room_5, room_6,
          room_7, room_8, room_9, room_10, room_11, room_12, room_13, room_14,
          room_15, room_16, room_17, room_18, room_19, room_20, room_21,
          room_22, room_23, room_24, room_25, room_26, room_27]

Skill      XL: |  1 |
---------------+----+-----
Fire Magic     | 5 |  5.0
Dodging        | 3 |  3.1
Stealth        | 3 |  3.0
Spellcasting   | 4 |  4.0
Conjurations   | |  1.3

Action                   || total
-------------------------++-------
 Cast: Foxfire           ||     1
Evoke: Wand              ||     3
       Condenser vane    ||     1
Armor: Quicksilver drago ||     3
Dodge: Dodged            ||     1

Table legend: (Time is in decaauts)
 A = Elapsed time spent in this place.
 B = Non-inter-level travel time spent in this place.
 C = Inter-level travel time spent in this place.
 D = Time resting spent in this place.
 E = Time spent auto-exploring this place.
 F = Levels seen in this place.
 G = Mean time per level.
                   A        B        C        D        E       F      G
               +--------+--------+--------+--------+--------+-----+--------+
         Total |     98 |     98 |      0 |     20 |      0 |   1 |   98.0 |
       Dungeon |     98 |     98 |      0 |     20 |      0 |   1 |   98.0 |
               +--------+--------+--------+--------+--------+-----+--------+

Top non-repeatable levels by time:
       D: 98 daAuts
